 Dungeon Crawl Stone Soup version 0.26-a0-1213-gd52f5182fe (webtiles) character file.

Game seed: 12399266364987186731

88 tilp the Skirmisher (level 4, 0/50 HPs)
             Began as an Ogre Abyssal Knight on Dec 30, 2020.
             Was a Follower of Lugonu.
             Slain by a gnoll (3 damage)
             ... on level 2 of the Dungeon.
             The game lasted 00:02:32 (2365 turns).

tilp the Skirmisher (Ogre Abyssal Knight)           Turns: 2365, Time: 00:02:32

Health: 0/50       AC:  3    Str: 16    XL:     4   Next: 53%
Magic:  5/5        EV:  5    Int: 14    God:    Lugonu [*.....]
Gold:   171        SH:  0    Dex:  8    Spells: 3/3 levels left

rFire    . . .     SeeInvis .   a - +1 mace
rCold    . . .     Faith    .   (no shield)
rNeg     . . .     Spirit   .   b - +0 robe
rPois    .         Reflect  .   (helmet restricted)
rElec    .         Harm     .   (no cloak)
rCorr    .         Rampage  .   (gloves unavailable)
Will     .....                  (boots unavailable)
Stlth    +.........             (no amulet)
HPRegen  0.16/turn              (no ring)
MPRegen  0.09/turn              (no ring)

@: held
A: large, unfitting armour, tough skin 1
a: Renounce Religion, Depart the Abyss


You were on level 2 of the Dungeon.
You worshipped Lugonu.
Lugonu was aware of your devotion.
You visited 1 branch of the dungeon, and saw 2 of its levels.
You visited the Abyss 1 time.

You collected 171 gold pieces.

Inventory:

Hand Weapons
 a - a +1 mace (weapon)
Missiles
 e - 26 poisoned darts (quivered)
 g - 52 stones
Armour
 b - a +0 robe (worn)
Jewellery
 l - a +6 ring of dexterity {unknown}
Scrolls
 c - a scroll of fog {unknown}
 h - a scroll of remove curse {unknown}
 i - a scroll of enchant armour {unknown}
 m - a scroll of fear {unknown}
Potions
 d - 3 potions of lignification
 f - a potion of cancellation {unknown}
 j - 2 potions of mutation


   Skills:
 + Level 5.6 Fighting
 + Level 3.2 Maces & Flails
 - Level 2.1 Dodging
 - Level 2.0 Invocations


You had 3 spell levels left.
You didn't know any spells.
Your spell library was empty.

Dungeon Overview and Level Annotations

Branches:
Dungeon (2/15)

Altars:
Elyvilon


Innate Abilities, Weirdness & Mutations

You are too large for most types of armour.
You have tough skin. (AC +1)


Message History

The gnoll throws a throwing net.
The throwing net barely misses you. The gnoll closely misses you.
The gnoll throws a throwing net.
The throwing net hits you.
You become entangled in the net!
You see here a throwing net.
You struggle against the net.
You struggle against the net.
You struggle against the net.
The gnoll hits you.
* * * LOW HITPOINT WARNING * * *
You shred the net and break free! The gnoll hits you with a +0 flail!
* * * LOW HITPOINT WARNING * * *
The gnoll hits you with a +0 whip.
* * * LOW HITPOINT WARNING * * *
The gnoll misses you.
Okay, then.
The gnoll throws a throwing net.
The throwing net hits you.
You become entangled in the net!
You see here a throwing net.
You struggle against the net.
The gnoll hits you.
You die...

#....####.# #.##
#.........# #..#
#.####....# ##.##
#....###### #..#
#.........# ##.##
######....# ##..#+####
####.# #......... #..#
#......... ######@##
#......... #....gg(#
#.........
#......g######.......†.
#.................>....
#......................
#......................
#......)######.........
.........# .........
.........# ........


You could see 3 gnolls.

Vanquished Creatures
  A gnoll (D:2)
  3 adders (D:2)
  2 worms (D:2)
  A dart slug (D:1)
  4 leopard geckos
  A ball python (D:1)
  6 bats
  2 giant cockroaches
  5 goblins
  3 hobgoblins
  3 jackals
  3 frilled lizards
  3 kobolds
  6 rats
43 creatures vanquished.

Notes
Turn   | Place    | Note
-------+----------+-------------------------------------------
     0 | Abyss:1  | tilp the Ogre Abyssal Knight began the quest for the Orb.
     0 | Abyss:1  | Reached XP level 1. HP: 24/24 MP: 2/2
    60 | Abyss:1  | Found a corrupted altar of Lugonu.
    81 | Abyss:1  | Noticed a large abomination
    91 | Abyss:1  | Noticed a small abomination
    91 | Abyss:1  | Noticed a large abomination
   116 | D:1      | Escaped the Abyss
   323 | D:1      | Reached XP level 2. HP: 27/33 MP: 3/3
   325 | D:1      | Reached * piety under Lugonu
   966 | D:2      | Found a faded altar of an unknown god.
   971 | D:2      | Reached XP level 3. HP: 38/41 MP: 4/4
  1242 | D:2      | Reached skill level 5 in Fighting
  1501 | D:2      | Found a white marble altar of Elyvilon.
  1836 | D:2      | Reached XP level 4. HP: 50/50 MP: 5/5
  2365 | D:2      | Slain by a gnoll

Illustrated notes

Levels and vault maps discovered:
D:1:      minmay_arrival_doors, layout_basic, minmay_tripent
D:2:      minmay_angry_zag, layout_basic, nicolae_overflow_crystal_walls,
          chequers_ecumenical_altar_simple_redux

Skill      XL: |  1  2  3 |
---------------+----------+-----
Maces & Flails | 2 3 |  3.2
Fighting       | 5 |  5.6
Dodging        | |  2.1
Invocations    | |  2.0

Action                   |  1- 3 |  4- 6 || total
-------------------------+-------+-------++-------
Melee: Mace              |   106 |    47 ||   153
Throw: Dart              |     2 |     9 ||    11
Invok: Depart the Abyss  |     1 |       ||     1
  Use: Scroll            |     2 |     1 ||     3
Armor: Robe              |    41 |    17 ||    58
Dodge: Dodged            |    72 |    52 ||   124

Table legend: (Time is in decaauts)
 A = Elapsed time spent in this place.
 B = Non-inter-level travel time spent in this place.
 C = Inter-level travel time spent in this place.
 D = Time resting spent in this place.
 E = Time spent auto-exploring this place.
 F = Levels seen in this place.
 G = Mean time per level.
                   A        B        C        D        E       F      G
               +--------+--------+--------+--------+--------+-----+--------+
         Total |   2407 |   2395 |     12 |    620 |   1381 |   3 |  802.3 |
       Dungeon |   2291 |   2279 |     12 |    620 |   1301 |   2 | 1145.5 |
         Abyss |    116 |    116 |      0 |      0 |     80 |   1 |  116.0 |
               +--------+--------+--------+--------+--------+-----+--------+

Top non-repeatable levels by time:
     D:1: 1263 daAuts
     D:2: 1028 daAuts
 Abyss:1: 116 daAuts
